 Dungeon Crawl Stone Soup version 0.31-a0-180-g519b7de00c (webtiles) character file.

Game seed: 15405839775337282387

434 qw the Shooter (level 7, 0/64 HPs)
             Began as a Naga Hunter on June 19, 2023.
             Slain by an orc warrior
             ... wielding a +0 dire flail
              (14 damage)
             ... on level 4 of the Dungeon.
             The game lasted 00:01:04 (2675 turns).

qw the Shooter (Naga Hunter)                        Turns: 2675, Time: 00:01:05

Health: 0/64       AC:  3    Str: 14    XL:     7   Next: 0%
Magic:  7/7        EV:  9    Int:  9    God:
Gold:   185        SH:  0    Dex: 16    Spells: 6/6 levels left

rFire   + . .        Y - +0 shortbow
rCold   + . .        (shield currently unavailable)
rNeg    . . .        c - +0 leather armour
rPois   +            (no helmet)
rElec   .            (no cloak)
rCorr   .            (no gloves)
SInv    +            (no barding)
Will    .....        d - amulet of regeneration
Stlth   ++           a - ring of protection from cold
HPRegen 1.10/turn    g - ring of protection from fire
MPRegen 0.10/turn

%: no passive effects
@: short of breath, very slow
A: AC +2, large, see invisible, deformed body, poison resistance, slowness 2,
spit poison 1, naga tail 1
a: Spit Poison


You were on level 4 of the Dungeon.
You visited 2 branches of the dungeon, and saw 5 of its levels.

You collected 185 gold pieces.


Innate Abilities, Weirdness & Mutations

Your serpentine skin is tough. (AC +2)
You have supernaturally acute eyesight. (SInv)
Armour fits poorly on your strangely shaped body.
Your system is resistant to poisons. (rPois)
You cover ground very slowly.
You can spit poison.
You have a snake-like lower body.


   Skills:
 - Level 4.1 Fighting
 + Level 6.5 Ranged Weapons
 - Level 1.5 Dodging
 - Level 1.5 Stealth


You had 6 spell levels left.
You didn't know any spells.
Your spell library was empty.

Inventory:

Hand Weapons
 Y - a +0 shortbow (weapon)
Armour
 c - a +0 leather armour (worn)
Jewellery
 a - a ring of protection from cold (left hand)
 d - an amulet of regeneration (around neck)
 g - a ring of protection from fire (right hand)
Scrolls
 b - a scroll of amnesia {unknown}
 j - a scroll of identify
Potions
 f - a potion of mutation {unknown}
 h - 2 potions of might
 i - a potion of magic {unknown}
 k - a potion of resistance {unknown}
 m - a potion of haste {unknown}

Dungeon Overview and Level Annotations

Branches:
Dungeon (4/15)             Temple (1/1) D:4

Altars:
Cheibriados
Dithmenos
Elyvilon
Fedhas
Gozag
Hepliaklqana
Kikubaaqudgha
Makhleb
Nemelex Xobeh
Sif Muna
Trog
Uskayaw
Vehumet
Wu Jian
Xom
Yredelemnul
Zin
The Shining One


Message History

The orc priest is severely wounded.
The orc warrior hits you with a +0 dire flail!
You shoot an arrow.
The arrow barely misses the orc warrior.
The arrow hits the orc priest.
You kill the orc priest!
The orc warrior hits you with a +0 dire flail.
You have reached level 7!
You shoot an arrow.
The arrow barely misses the orc warrior.
The orc warrior hits you with a +0 dire flail!
You shoot an arrow. The arrow hits the orc warrior.
The orc warrior is moderately wounded.
You have got your breath back.
The orc warrior hits you with a +0 dire flail!!
2670 ||| DRINKING potion of heal wounds.
You feel much better.
The orc warrior hits you with a +0 dire flail.
2671 ||| INVOKING Spit Poison.
Aiming: Spit Poison (1% risk of failure)
Press: ? - help, Shift-Dir - straight line, f/p - orc warrior The splash of poison hits the orc warrior.
The orc warrior is moderately wounded.
The orc warrior hits you with a +0 dire flail.
You shoot an arrow.
The arrow hits the orc warrior but does no damage.
The orc warrior is moderately wounded.
The orc warrior looks more healthy.
The orc warrior barely misses you.
You shoot an arrow.
The arrow completely misses the orc warrior.
The orc warrior hits you with a +0 dire flail!
You shoot an arrow.
The arrow hits the orc warrior but does no damage.
The orc warrior is moderately wounded.
The orc warrior hits you with a +0 dire flail!
You shoot an arrow.
The arrow hits the orc warrior but does no damage.
The orc warrior is moderately wounded.
The orc warrior hits you with a +0 dire flail!
You die...

####### #.# #
############.#
#<...........#
###########..#
#..# ## #..#
.. #..# ##
#..# #.@# #.o#
#.)# #..# #..#
#..# ...# ....


You could see an orc warrior.

Vanquished Creatures
  A black bear (D:4)
  2 orc priests (D:4)
  4 hounds (D:4)
  2 orc wizards (D:3)
  4 adders
  2 dart slugs
  17 orcs
  6 ball pythons
  5 endoplasms
  A giant cockroach (D:1)
  6 goblins
  4 hobgoblins
  3 jackals (D:4)
  A quokka (D:1)
  5 bats
  A frilled lizard (D:3)
  2 kobolds
  6 rats
72 creatures vanquished.

Notes
Turn   | Place    | Note
-------+----------+-------------------------------------------
     0 | D:1      | qw the Naga Hunter began the quest for the Orb.
     0 | D:1      | Reached XP level 1. HP: 19/19 MP: 1/1
     0 | D:1      | 0 ||| qw: Version: 0.3-a-7-ge0c9b40
     0 | D:1      | 0 ||| qw: Game counter: 922
     0 | D:1      | 0 ||| qw: Always use a shield: true
     0 | D:1      | 0 ||| qw: God list: Okawaru
     0 | D:1      | 0 ||| qw: Allow faded altars: false
     0 | D:1      | 0 ||| qw: Do Orc after D:15 true
     0 | D:1      | 0 ||| qw: Do second Lair branch before Depths: true
     0 | D:1      | 0 ||| qw: Lair rune preference: random
     0 | D:1      | 0 ||| qw: Plans: Normal
     0 | D:1      | 0 ||| PLANNING D:1-11
    30 | D:1      | 30 ||| INVOKING Spit Poison.
    56 | D:1      | 56 ||| INVOKING Spit Poison.
    59 | D:1      | 59 ||| INVOKING Spit Poison.
    87 | D:1      | 87 ||| INVOKING Spit Poison.
   115 | D:1      | 115 ||| INVOKING Spit Poison.
   116 | D:1      | Reached skill level 4 in Ranged Weapons
   116 | D:1      | Reached XP level 2. HP: 26/26 MP: 2/2
   143 | D:1      | 143 ||| INVOKING Spit Poison.
   153 | D:1      | 153 ||| INVOKING Spit Poison.
   212 | D:1      | 212 ||| INVOKING Spit Poison.
   213 | D:1      | 213 ||| INVOKING Spit Poison.
   316 | D:1      | Found a faded altar of an unknown god.
   358 | D:1      | 358 ||| INVOKING Spit Poison.
   418 | D:1      | 418 ||| READING scroll labelled OHOLEOFIOF.
   419 | D:1      | 419 ||| DRINKING 2 silvery potions.
   420 | D:1      | 420 ||| DROPPING scroll of butterflies.
   421 | D:1      | 421 ||| DROPPING potion of brilliance.
   471 | D:2      | 471 ||| INVOKING Spit Poison.
   474 | D:2      | Reached XP level 3. HP: 32/32 MP: 3/3
   511 | D:2      | 511 ||| INVOKING Spit Poison.
   516 | D:2      | 516 ||| INVOKING Spit Poison.
   521 | D:2      | 521 ||| INVOKING Spit Poison.
   568 | D:2      | 568 ||| INVOKING Spit Poison.
   571 | D:2      | 571 ||| INVOKING Spit Poison.
   670 | D:2      | 670 ||| INVOKING Spit Poison.
   677 | D:2      | 677 ||| INVOKING Spit Poison.
   828 | D:2      | 828 ||| INVOKING Spit Poison.
   833 | D:2      | 833 ||| INVOKING Spit Poison.
   873 | D:2      | 873 ||| INVOKING Spit Poison.
  1025 | D:2      | 1025 ||| INVOKING Spit Poison.
  1195 | D:2      | 1195 ||| INVOKING Spit Poison.
  1283 | D:2      | 1283 ||| UPGRADING to amulet of regeneration.
  1288 | D:2      | 1288 ||| UPGRADING to ring of protection from cold.
  1289 | D:2      | 1289 ||| UPGRADING to ring of protection from fire.
  1290 | D:2      | 1290 ||| READING scroll labelled ESKAFA NALUC.
  1291 | D:2      | 1291 ||| READING scroll labelled ONWOUKKIURU.
  1296 | D:2      | 1296 ||| DRINKING 2 brown potions.
  1297 | D:2      | 1297 ||| DRINKING 3 puce potions.
  1352 | D:3      | 1352 ||| INVOKING Spit Poison.
  1360 | D:3      | Reached skill level 5 in Ranged Weapons
  1384 | D:3      | 1384 ||| INVOKING Spit Poison.
  1388 | D:3      | Reached XP level 4. HP: 39/39 MP: 4/4
  1396 | D:3      | 1396 ||| INVOKING Spit Poison.
  1419 | D:3      | 1419 ||| INVOKING Spit Poison.
  1424 | D:3      | 1424 ||| INVOKING Spit Poison.
  1439 | D:3      | 1439 ||| INVOKING Spit Poison.
  1442 | D:3      | Reached skill level 3 in Fighting
  1532 | D:3      | 1532 ||| INVOKING Spit Poison.
  1538 | D:3      | 1538 ||| INVOKING Spit Poison.
  1540 | D:3      | Reached XP level 5. HP: 49/49 MP: 5/5
  1596 | D:3      | 1596 ||| INVOKING Spit Poison.
  1644 | D:3      | Found a burning altar of Makhleb.
  1646 | D:3      | Found an opulent altar of Gozag.
  1653 | D:3      | 1653 ||| INVOKING Spit Poison.
  1657 | D:3      | 1657 ||| INVOKING Spit Poison.
  1658 | D:3      | 1658 ||| INVOKING Spit Poison.
  1828 | D:3      | 1828 ||| READING scroll labelled EBEGUTSOFIJO.
  1829 | D:3      | 1829 ||| READING scroll labelled DUMPUSTEL NUNY.
  1830 | D:3      | 1830 ||| READING scroll labelled HEAPNO ASTRIDA.
  1836 | D:4      | 1836 ||| INVOKING Spit Poison.
  1842 | D:4      | 1842 ||| INVOKING Spit Poison.
  1878 | D:4      | 1878 ||| INVOKING Spit Poison.
  1881 | D:4      | 1881 ||| INVOKING Spit Poison.
  1937 | D:4      | 1937 ||| INVOKING Spit Poison.
  1941 | D:4      | 1941 ||| INVOKING Spit Poison.
  1965 | D:4      | 1965 ||| INVOKING Spit Poison.
  1970 | D:4      | 1970 ||| INVOKING Spit Poison.
  1974 | D:4      | 1974 ||| INVOKING Spit Poison.
  1990 | D:4      | 1990 ||| INVOKING Spit Poison.
  1993 | D:4      | 1993 ||| INVOKING Spit Poison.
  1999 | D:4      | 1999 ||| INVOKING Spit Poison.
  2025 | D:4      | 2025 ||| INVOKING Spit Poison.
  2058 | D:4      | 2058 ||| INVOKING Spit Poison.
  2061 | D:4      | 2061 ||| INVOKING Spit Poison.
  2064 | D:4      | Reached skill level 6 in Ranged Weapons
  2064 | D:4      | Reached XP level 6. HP: 48/56 MP: 6/6
  2065 | D:4      | 2065 ||| INVOKING Spit Poison.
  2148 | D:4      | 2148 ||| INVOKING Spit Poison.
  2158 | D:4      | Noticed a black bear
  2159 | D:4      | 2159 ||| INVOKING Spit Poison.
  2162 | D:4      | 2162 ||| INVOKING Spit Poison.
  2162 | D:4      | Killed a black bear
  2177 | D:4      | Found a staircase to the Ecumenical Temple.
  2179 | D:4      | 2179 ||| PLANNING TEMPLE
  2179 | D:4      | 2179 ||| READING scroll labelled OCKESO FUULI.
  2186 | Temple   | Entered the Ecumenical Temple
  2319 | Temple   | 2319 ||| PLANNING D:1-11
  2344 | D:4      | 2344 ||| INVOKING Spit Poison.
  2360 | D:4      | 2360 ||| INVOKING Spit Poison.
  2478 | D:4      | 2478 ||| INVOKING Spit Poison.
  2484 | D:4      | 2484 ||| INVOKING Spit Poison.
  2487 | D:4      | 2487 ||| Stepping ~*~*~tactically~*~*~ (outnumbered).
  2489 | D:4      | 2489 ||| INVOKING Spit Poison.
  2493 | D:4      | 2493 ||| INVOKING Spit Poison.
  2494 | D:4      | HP: 14/57 [orc priest/+0 mace (3)]
  2495 | D:4      | 2495 ||| DRINKING 2 potions of heal wounds.
  2500 | D:4      | 2500 ||| INVOKING Spit Poison.
  2658 | D:4      | 2658 ||| INVOKING Spit Poison.
  2661 | D:4      | Noticed an orc warrior
  2663 | D:4      | 2663 ||| INVOKING Spit Poison.
  2668 | D:4      | Reached XP level 7. HP: 39/64 MP: 7/7
  2669 | D:4      | HP: 11/64 [orc warrior/+0 dire flail (18)]
  2670 | D:4      | 2670 ||| DRINKING potion of heal wounds.
  2671 | D:4      | 2671 ||| INVOKING Spit Poison.
  2674 | D:4      | HP: 13/64 [orc warrior/+0 dire flail (9)]
  2675 | D:4      | Slain by an orc warrior

Levels and vault maps discovered:
D:1:      dpeg_arrival_refuge, layout_rooms,
          shapermc_ecumenical_altar_mp_vishouse
D:2:      layout_loops_corners, hangedman_feature_mirror,
          minmay_misc_feat_four_crosses, minmay_octomino_j4
D:3:      layout_rooms, chequers_temple_overflow_statue_of_worship,
          hangedman_decor_diamond_cutter
D:4:      layout_basic, minmay_temple_entry_arrows
Temple:   regret_index_temple_sphere_string

Skill      XL: |  1  2  3  4  5  6 |
---------------+-------------------+-----
Ranged Weapons | 4 5 6 |  6.5
Fighting       | 3 4 |  4.1
Dodging        | |  1.5
Stealth        | |  1.5

Action                     |  1- 3 |  4- 6 |  7- 9 || total
---------------------------+-------+-------+-------++-------
   Fire: Shortbow          |    53 |    90 |     6 ||   149
Ability: Spit Poison       |    24 |    37 |     1 ||    62
    Use: Scroll            |     3 |     4 |       ||     7
         Potion            |     3 |     1 |     1 ||     5
 Armour: Leather armour    |     3 |    16 |       ||    19
  Dodge: Dodged            |    11 |    33 |     1 ||    45

Table legend:
 A = Non-vault XP
 B = Vault XP
 C = Vault XP percentage of total XP
 D = Non-vault monster count
 E = Vault monster count
 F = Vault count percentage of total count
                 A         B        C        D         E       F
            +---------+---------+-------+---------+---------+-------
      Total |     601 |      19 |   3.1 |      68 |       4 |   5.6
            +---------+---------+-------+---------+---------+-------
        D:1 |      25 |       0 |   0.0 |      14 |       0 |   0.0
        D:2 |      33 |      19 |  36.5 |      11 |       4 |  26.7
        D:3 |      98 |       0 |   0.0 |      14 |       0 |   0.0
        D:4 |     445 |       0 |   0.0 |      29 |       0 |   0.0
            +---------+---------+-------+---------+---------+-------
